[Event "fics rated crazyhouse match"]
[Site "fics, Oklahoma City, OK USA"]
[Date "2000.12.01"]
[White "Leech"]
[WhiteElo "2166"]
[Black "LINDEGREN"]
[BlackElo "2379"]
[TimeControl "60+0"]
[Result "0-1"]

1. e4 Nf6 2. e5 Nd5 3. d4 e6 4. c4 d6 5. cxd5 exd5 6. exd6 
Bxd6 7. P@e5 Qe7 8. Be2 Bb4+ 9. Bd2 Nc6 10. Bxb4 Nxb4 11. B@c5 P@c2 
12. Bxe7 cxd1=Q+ 13. Bxd1 Nd3+ 14. Kd2 Q@e1+ 15. Kc2 Bf5 16. P@d7+ Kxe7 17. Q@g5+ 
Ke6 18. N@c8 Nb4+ 19. Kb3 Qxd1+ 20. Ka3 Nc2+ 21. Ka4 Qxd4+ 22. Kb3 Nxa1+ 
23. Ka3 R@a4# 
{Leech checkmated} 0-1

[Event "fics rated crazyhouse match"]
[Site "fics, Oklahoma City, OK USA"]
[Date "2000.12.01"]
[White "LINDEGREN"]
[WhiteElo "2383"]
[Black "Leech"]
[BlackElo "2162"]
[TimeControl "60+0"]
[Result "0-1"]

1. e4 e6 2. Nc3 Nf6 3. d4 Nc6 4. Nf3 d5 5. exd5 Nxd5 6. Bb5 
Nxc3 7. bxc3 a6 8. Bxc6+ bxc6 9. Ne5 B@b5 10. P@d3 P@f6 11. Nf3 Bb7 
12. O-O c5 13. dxc5 Bxc5 14. P@e4 B5c6 15. N@d4 O-O 16. Nxc6 Bxc6 17. B@h6 
gxh6 18. Bxh6 N@g4 19. Bxf8 Bxf8 20. R@g3 P@f5 21. P@h3 B@f4 22. hxg4 Bxg3 
23. hxg3 fxg4 24. Nd4 P@f3 25. gxf3 gxf3 26. Qxf3 N@e5 27. Qg2 B@f3 28. Nxf3 
Nxf3+ 29. Qxf3 N@g5 30. Qg2 P@h3 31. Qh1 Bxe4 32. f3 P@g2 33. Qxg2 hxg2 
34. Kxg2 Q@e2+ 35. Rf2 Bxf3+ 36. Kg1 Nh3+ 37. Kh2 Qxf2+ 38. Kxh3 Qg2+ 39. Kh4 
R@h5# 
{LINDEGREN checkmated} 0-1

[Event "fics rated crazyhouse match"]
[Site "fics, Oklahoma City, OK USA"]
[Date "2000.12.01"]
[White "Leech"]
[WhiteElo "2174"]
[Black "LINDEGREN"]
[BlackElo "2371"]
[TimeControl "60+0"]
[Result "0-1"]

1. e4 Nf6 2. e5 Nd5 3. c4 e6 4. cxd5 exd5 5. d4 d6 6. Nf3 
Nc6 7. Bb5 Bd7 8. Bxc6 bxc6 9. O-O B@g4 10. h3 Bxf3 11. Qxf3 P@e4 
12. Qe2 dxe5 13. dxe5 P@f3 14. gxf3 N@d4 15. Qe3 Nxf3+ 16. Kg2 Nxe5 17. P@d4 
P@f3+ 18. Kh2 Ng6 19. P@h5 Bd6+ 20. B@g3 P@f4 21. hxg6 fxg3+ 22. fxg3 hxg6 
23. N@g5 P@g2 24. Rxf3 B@f6 25. Nxf7 Rxh3+ 26. Kxg2 Qe7 27. Nxd6+ cxd6 28. P@f7+ 
Kxf7 29. P@e6+ Bxe6 
{Leech forfeits on time} 0-1

[Event "fics rated crazyhouse match"]
[Site "fics, Oklahoma City, OK USA"]
[Date "2000.12.01"]
[White "LINDEGREN"]
[WhiteElo "2375"]
[Black "Leech"]
[BlackElo "2170"]
[TimeControl "60+0"]
[Result "1-0"]

1. e4 Nf6 2. Nc3 Nc6 3. d4 d5 4. exd5 Nxd5 5. Nf3 Nxc3 6. bxc3 
e5 7. d5 Bg4 8. Be2 Ne7 9. O-O Bxf3 10. Bxf3 N@h4 11. P@e6 Nxf3+ 
12. Qxf3 P@f5 13. B@d7+ Qxd7 14. exd7+ Kxd7 15. N@c5+ Kd6 16. Q@d7+ Kxc5 17. N@a4+ 
Kc4 18. Qd3# 
{Leech checkmated} 1-0

[Event "fics rated crazyhouse match"]
[Site "fics, Oklahoma City, OK USA"]
[Date "2000.12.01"]
[White "Leech"]
[WhiteElo "2166"]
[Black "LINDEGREN"]
[BlackElo "2379"]
[TimeControl "60+0"]
[Result "0-1"]

1. e4 Nf6 2. e5 Nd5 3. Bc4 e6 4. Bxd5 exd5 5. d4 Nc6 6. Nf3 
d6 7. O-O B@e4 8. Re1 Be7 9. N@g3 Bxf3 10. gxf3 N@h3+ 11. Kg2 dxe5 
12. dxe5 P@h4 13. Nf1 Be6 14. P@g4 Ng5 15. f4 Ne4 16. B@f3 Qd7 17. f5 
h3+ 18. Kg1 Ng5 19. fxe6 fxe6 20. Bxg5 Bxg5 21. N@c5 Qe7 22. Nxb7 O-O 
23. P@f6 gxf6 24. exf6 Rxf6 25. B@c3 P@d4 26. Bd2 Raf8 27. Bxg5 P@g7 28. Bxf6 
gxf6 29. B@h4 B@e4 30. Bxe4 dxe4 31. R@g3 B@f3 32. Rxf3 exf3 33. Qxf3 B@g2 
34. Qxg2 hxg2 35. Kxg2 R@f3 36. Kxf3 P@e4# 
{Leech forfeits on time} 0-1

[Event "fics rated crazyhouse match"]
[Site "fics, Oklahoma City, OK USA"]
[Date "2000.12.01"]
[White "LINDEGREN"]
[WhiteElo "2383"]
[Black "Leech"]
[BlackElo "2162"]
[TimeControl "60+0"]
[Result "1-0"]

1. e4 Nc6 2. Nc3 e5 3. Nf3 Bc5 4. Bc4 Bxf2+ 5. Kxf2 Nf6 6. Rf1 
P@d4 7. d3 dxc3 8. bxc3 O-O 9. Kg1 d6 10. P@h6 gxh6 11. Bxh6 Ng4 
12. B@g5 P@f6 13. Bxf8 Qxf8 14. Bxf6 Nxf6 15. R@g3+ B@g6 16. Ng5 N@h5 17. Rgf3 
B@g4 18. Nxf7 Bxf7 19. Bxf7+ Qxf7 20. B@g5 Bxf3 21. Qxf3 B@g4 22. Qf2 N@e2+ 
23. Kh1 R@f4 24. Bxf4 exf4 25. R@g5+ B@g6 26. P@f3 Bxf3 27. gxf3 P@g3 28. Qxe2 
gxh2 29. Qxh2 Ng3+ 30. Kg2 P@h6 31. Rg1 hxg5 32. N@h6+ Kf8 33. Nxf7 Kxf7 
34. P@f2 Ngxe4 35. B@b3# 
{Leech forfeits on time} 1-0

[Event "fics rated crazyhouse match"]
[Site "fics, Oklahoma City, OK USA"]
[Date "2000.12.02"]
[White "Blackcomb"]
[WhiteElo "2131"]
[Black "JKiller"]
[BlackElo "2421"]
[TimeControl "180+0"]
[Result "0-1"]

1. e4 e6 2. d4 d5 3. e5 c5 4. c3 Nc6 5. Nf3 cxd4 6. cxd4 
P@e4 7. Ng5 Be7 8. Nxf7 Kxf7 9. Be2 Nxd4 10. O-O Nxe2+ 11. Qxe2 B@c4 
12. Qh5+ P@g6 13. Qg4 Bxf1 14. P@f6 gxf6 15. N@h6+ Nxh6 16. Bxh6 Bxg2 17. Qxg2 
P@f3 18. P@g7 N@h3+ 19. Qxh3 N@e2+ 20. Kf1 R@g1# 
{Blackcomb checkmated} 0-1

[Event "fics rated crazyhouse match"]
[Site "fics, Oklahoma City, OK USA"]
[Date "2000.12.02"]
[White "JKiller"]
[WhiteElo "2424"]
[Black "Blackcomb"]
[BlackElo "2128"]
[TimeControl "180+0"]
[Result "1-0"]

1. e4 e5 2. Nf3 Nc6 3. Bc4 Bc5 4. Nc3 Nf6 5. d3 O-O 6. Nd5 
d6 7. Nxf6+ Qxf6 8. Bg5 Bxf2+ 9. Kxf2 P@e3+ 10. Kf1 Qxg5 11. Nxg5 B@e6 
12. B@f6 gxf6 13. Bxe6 B@h6 14. Bxf7+ Rxf7 15. Nxf7 B@g7 16. Nxh6+ Bxh6 17. Q@e8+ 
N@f8 18. B@f7+ Kg7 19. R@g8# 
{Blackcomb checkmated} 1-0

[Event "fics rated crazyhouse match"]
[Site "fics, Oklahoma City, OK USA"]
[Date "2000.12.02"]
[White "Blackcomb"]
[WhiteElo "2126"]
[Black "JKiller"]
[BlackElo "2426"]
[TimeControl "180+0"]
[Result "1-0"]

1. e4 e6 2. d4 d5 3. e5 c5 4. Nf3 Nc6 5. Bb5 Bd7 6. Bxc6 
Bxc6 7. O-O B@h5 8. N@f4 Bxf3 9. Qxf3 cxd4 10. Nxe6 Qe7 11. Nxf8 P@e4 
12. Qg4 Qxf8 13. B@d6 f5 14. Qh5+ Qf7 15. Qxf7+ Kxf7 16. Q@h5+ g6 17. Qh4 
Bb5 18. P@g7 Kxg7 19. B@f6+ Kf7 20. Bxh8 P@g7 21. R@e7+ Kf8 22. Bxg7# 
{JKiller checkmated} 1-0

[Event "fics rated crazyhouse match"]
[Site "fics, Oklahoma City, OK USA"]
[Date "2000.12.02"]
[White "JKiller"]
[WhiteElo "2412"]
[Black "Blackcomb"]
[BlackElo "2140"]
[TimeControl "180+0"]
[Result "1-0"]

1. e4 e5 2. Nf3 Nc6 3. Bc4 Nf6 4. d3 Bc5 5. Nc3 d6 6. Bg5 
Bxf2+ 7. Kxf2 Ng4+ 8. Ke1 P@f2+ 9. Kf1 Qxg5 10. Bxf7+ Kd8 11. Nxg5 Ne3+ 
12. Ke2 Nxd1 13. Kxd1 Bg4+ 14. B@f3 Q@g1+ 15. Q@f1 Qxf1+ 16. Rxf1 Q@e1+ 17. Rxe1 
fxe1=Q+ 18. Kxe1 B@h4+ 19. P@g3 Bxg5 20. Bxg4 N@c5 21. N@e6+ Nxe6 22. Q@d7+ Kxd7 
23. Bfxe6# 
{Blackcomb resigns} 1-0

[Event "fics rated crazyhouse match"]
[Site "fics, Oklahoma City, OK USA"]
[Date "2000.12.02"]
[White "Blackcomb"]
[WhiteElo "2137"]
[Black "JKiller"]
[BlackElo "2415"]
[TimeControl "180+0"]
[Result "1-0"]

1. e4 e6 2. d4 d5 3. e5 Nc6 4. Nh3 f6 5. Bf4 Nge7 6. Be2 
Nf5 7. c3 Be7 8. Bh5+ g6 9. Be2 fxe5 10. dxe5 P@g7 11. O-O Bd7 
12. Nd2 h6 13. Nf3 O-O 14. P@g5 h5 15. Bd3 Be8 16. Re1 Bc5 17. Qe2 
Qe7 18. a3 Rd8 19. b4 Bb6 20. Rad1 a5 21. Bxf5 Rxf5 22. Nh4 B@g4 
23. Nxf5 gxf5 24. N@f6+ gxf6 25. gxf6 Qh7 26. Ng5 Bxe2 27. P@g7 N@g6 28. Nxh7 
N@h3+ 29. gxh3 Q@g2+ 30. Kxg2 Nxf4+ 31. Kg3 
{JKiller forfeits on time} 1-0

[Event "fics rated crazyhouse match"]
[Site "fics, Oklahoma City, OK USA"]
[Date "2000.12.02"]
[White "ronenl"]
[WhiteElo "2341"]
[Black "Bugzilla"]
[BlackElo "2267"]
[TimeControl "180+0"]
[Result "1-0"]

1. e4 Nf6 2. Nc3 d5 3. exd5 Nxd5 4. Bc4 e6 5. Bxd5 exd5 6. Qe2+ 
P@e4 7. d3 Bb4 8. Bd2 Bxc3 9. bxc3 Bf5 10. dxe4 dxe4 11. P@d3 P@d5 
12. P@h6 Rg8 13. hxg7 B@e7 14. N@h6 exd3 15. cxd3 N@c2+ 16. Kf1 Bxd3 17. Qxd3 
Nxa1 18. P@e6 R@d1+ 19. B@e1 Rxg7 20. exf7+ Rxf7 21. Nxf7 Kxf7 22. Qf5+ N@f6 
23. B@e6+ Kf8 24. R@g8# 
{Bugzilla checkmated} 1-0

[Event "fics rated crazyhouse match"]
[Site "fics, Oklahoma City, OK USA"]
[Date "2000.12.02"]
[White "Bugzilla"]
[WhiteElo "2261"]
[Black "ronenl"]
[BlackElo "2347"]
[TimeControl "180+0"]
[Result "1-0"]

1. e4 e6 2. Nc3 d5 3. exd5 exd5 4. Bb5+ Nc6 5. d4 Nf6 6. Nf3 
Qe7+ 7. Ne5 P@d6 8. P@g5 dxe5 9. gxf6 Qd7 10. dxe5 Qe6 11. Bf4 gxf6 
12. Nxd5 Bd6 13. Nxf6+ Kd8 14. P@g7 Re8 15. Nxe8 Nxe5 16. O-O P@h3 17. Nxd6 
cxd6 
{ronenl resigns} 1-0

[Event "fics rated crazyhouse match"]
[Site "fics, Oklahoma City, OK USA"]
[Date "2000.12.02"]
[White "ronenl"]
[WhiteElo "2337"]
[Black "Bugzilla"]
[BlackElo "2271"]
[TimeControl "180+0"]
[Result "1-0"]

1. e4 Nf6 2. Nc3 d5 3. exd5 Nxd5 4. Bc4 e6 5. Bxd5 exd5 6. Qe2+ 
Be7 7. P@h6 gxh6 8. Nxd5 P@e6 9. Nxe7 Qxe7 10. B@g7 B@f6 11. Bxh8 Bxh8 
12. R@g8+ B@f8 13. Rxh8 Nc6 14. P@g7 N@g6 15. gxf8=Q+ Nxf8 16. B@g7 
{Bugzilla resigns} 1-0

[Event "fics rated crazyhouse match"]
[Site "fics, Oklahoma City, OK USA"]
[Date "2000.12.02"]
[White "Bugzilla"]
[WhiteElo "2264"]
[Black "ronenl"]
[BlackElo "2344"]
[TimeControl "180+0"]
[Result "1-0"]

1. e4 e6 2. Nc3 d5 3. exd5 exd5 4. Bb5+ P@c6 5. Be2 Nf6 6. d4 
Bf5 7. Nf3 Bb4 8. Bg5 Bxc3+ 9. bxc3 N@e4 10. B@d2 Nbd7 11. P@e5 Nxf2 
12. Kxf2 Ne4+ 13. Kf1 Nxg5 14. Bxg5 Qxg5 15. Nxg5 B@h4 16. Nf3 B@f2 17. N@h5 
Rg8 18. Q@f4 P@g4 19. Nd2 Bg6 20. Bxg4 Bxh5 21. Bxd7+ Kd8 22. Qxh5 N@e3+ 
23. Ke2 Nxc2 24. Qfxf7 
{ronenl resigns} 1-0

[Event "fics rated crazyhouse match"]
[Site "fics, Oklahoma City, OK USA"]
[Date "2000.12.02"]
[White "ronenl"]
[WhiteElo "2334"]
[Black "Bugzilla"]
[BlackElo "2274"]
[TimeControl "180+0"]
[Result "1-0"]

1. e4 Nf6 2. Nc3 d5 3. exd5 Nxd5 4. Bc4 e6 5. Bxd5 exd5 6. Qe2+ 
P@e6 7. Nf3 Be7 8. d4 Nc6 9. N@e5 B@h5 10. Be3 Nxe5 11. dxe5 N@c4 
12. P@h6 Rg8 13. hxg7 Rxg7 14. P@f6 Rxg2 15. fxe7 Qxe7 16. N@f6+ Kd8 17. Nxh5 
Nxe3 18. B@f6 Nxc2+ 19. Qxc2 B@f8 20. Bxe7+ Bxe7 21. B@f6 B@f8 22. N@g7 Bd7 
23. Nxd5 exd5 24. P@d6 
{Bugzilla resigns} 1-0

[Event "fics rated crazyhouse match"]
[Site "fics, Oklahoma City, OK USA"]
[Date "2000.12.02"]
[White "Bugzilla"]
[WhiteElo "2267"]
[Black "ronenl"]
[BlackElo "2341"]
[TimeControl "180+0"]
[Result "1-0"]

1. e4 e6 2. Nc3 Nf6 3. e5 Nd5 4. Nxd5 exd5 5. d4 Nc6 6. Nf3 
d6 7. Bb5 Qe7 8. O-O Bg4 9. N@a5 Rd8 10. Bxc6+ bxc6 11. Nxc6 Qd7 
12. Nxd8 Kxd8 13. R@b8+ Ke7 14. h3 N@c6 15. Ra8 Bxf3 16. Qxf3 Nxd4 17. B@f6+ 
Ke6 18. N@g5# 
{ronenl checkmated} 1-0

[Event "fics rated crazyhouse match"]
[Site "fics, Oklahoma City, OK USA"]
[Date "2000.12.02"]
[White "ronenl"]
[WhiteElo "2331"]
[Black "Bugzilla"]
[BlackElo "2277"]
[TimeControl "180+0"]
[Result "1-0"]

1. e4 Nf6 2. Nc3 d5 3. exd5 Nxd5 4. Bc4 e6 5. Bxd5 exd5 6. Qe2+ 
P@e4 7. d3 Bb4 8. Bd2 O-O 9. dxe4 dxe4 10. Qxe4 Bxc3 11. Bxc3 B@f5 
12. N@e7+ Kh8 13. P@h6 f6 14. hxg7+ Kxg7 15. Nxf5+ Bxf5 16. Qxf5 P@h6 17. P@g5 
hxg5 18. Qxg5+ P@g6 19. Bxf6+ Rxf6 20. B@c3 P@d2+ 21. Qxd2 Qe7+ 22. Qe2 N@e4 
23. Bxf6+ Qxf6 24. Qxe4 B@d2+ 25. Kf1 N@e3+ 26. Ke2 B@c6 27. P@h6+ Kxh6 28. N@g8+ 
Kg7 29. Nxf6 Bxe4 30. Q@h8+ Kf7 31. B@g8+ Ke7 32. Qg7+ Kd6 33. Nxe4+ Kc6 
{Bugzilla resigns} 1-0

[Event "fics rated crazyhouse match"]
[Site "fics, Oklahoma City, OK USA"]
[Date "2000.12.02"]
[White "fermy"]
[WhiteElo "2292"]
[Black "ronenl"]
[BlackElo "2319"]
[TimeControl "180+0"]
[Result "1-0"]

1. e4 e6 2. d4 d5 3. exd5 exd5 4. Nc3 Nc6 5. Nf3 Nf6 6. Bb5 
Qe7+ 7. P@e5 Bg4 8. O-O Rd8 9. exf6 gxf6 10. h3 Bxf3 11. Qxf3 P@e4 
12. Qg3 N@f5 13. Qg4 Nxd4 14. Bxc6+ bxc6 15. Be3 B@d7 16. Qf4 P@e5 17. Qh4 
Nf5 18. Qh5 Nxe3 19. fxe3 P@g3 20. B@h4 B@h2+ 21. Kh1 d4 22. Nxe4 dxe3 
23. Bxf6 P@g6 24. Qh4 Bxh3 25. Qxh3 Qd7 26. Bxd8 Qxd8 27. N@f6+ Ke7 28. R@d7# 
{ronenl resigns} 1-0

[Event "fics rated crazyhouse match"]
[Site "fics, Oklahoma City, OK USA"]
[Date "2000.12.02"]
[White "ronenl"]
[WhiteElo "2293"]
[Black "spurs"]
[BlackElo "2255"]
[TimeControl "60+0"]
[Result "1-0"]

1. e4 e6 2. Nc3 d5 3. exd5 exd5 4. Bb5+ Nc6 5. Qe2+ Be7 6. d4 
Nf6 7. Bg5 Bg4 8. f3 Be6 9. Bxf6 Bxf6 10. P@f5 Qe7 11. fxe6 fxe6 
12. B@e5 Bxe5 13. dxe5 O-O 14. Bxc6 bxc6 15. N@g4 B@c4 16. B@d3 Bxd3 17. cxd3 
B@b4 18. Nh3 Bxc3+ 19. bxc3 N@h4 20. B@g5 Nxg2+ 21. Qxg2 Qa3 22. B@b4 P@b2 
23. Rd1 P@c2 24. O-O cxd1=Q 25. Rxd1 P@c2 26. Qxc2 Qxa2 27. Qg2 b1=Q 28. N@h6+ 
gxh6 29. Nxh6+ Kh8 30. P@g7+ Kxg7 31. Bf6+ Kxh6 32. Qg5# 
{spurs checkmated} 1-0

[Event "fics rated crazyhouse match"]
[Site "fics, Oklahoma City, OK USA"]
[Date "2000.12.02"]
[White "spurs"]
[WhiteElo "2248"]
[Black "ronenl"]
[BlackElo "2300"]
[TimeControl "60+0"]
[Result "0-1"]

1. d4 e6 2. Nf3 d5 3. Nc3 Be7 4. Bf4 Nc6 5. e3 Nf6 6. Bb5 
O-O 7. Bxc6 bxc6 8. h4 Rb8 9. h5 h6 10. Rh3 Rxb2 11. Rg3 P@g4 
12. Bxh6 gxh6 13. Ne5 B@g5 14. Rxg4 Nxg4 15. Nxg4 B@a5 16. P@d2 Bxc3 17. dxc3 
N@e4 18. P@g6 Nxc3 19. B@h7+ Kh8 20. Qc1 R@b1 21. gxf7 Rxc1+ 22. Rxc1 Q@e2# 
{spurs checkmated} 0-1

[Event "fics rated crazyhouse match"]
[Site "fics, Oklahoma City, OK USA"]
[Date "2000.12.02"]
[White "ronenl"]
[WhiteElo "2307"]
[Black "spurs"]
[BlackElo "2241"]
[TimeControl "60+0"]
[Result "1-0"]

1. e4 e6 2. Nc3 d5 3. exd5 exd5 4. Nf3 Bb4 5. d4 Qe7+ 6. Be2 
Bxc3+ 7. bxc3 N@e4 8. P@b2 Ngf6 9. B@h4 P@h3 10. gxh3 Bxh3 11. Rg1 Nbd7 
12. P@e5 P@g5 13. exf6 Ndxf6 14. Bhxg5 Nxf2 15. Kxf2 Ne4+ 16. Ke3 Qxg5+ 17. Nxg5 
B@f2+ 18. Kf3 P@g4+ 19. Rxg4 Bxg4+ 20. Kxg4 R@h4+ 21. Kf3 P@g4+ 22. Kg2 Rxh2+ 
23. Kxh2 P@g3+ 24. Kh1 Bxd4 25. P@d7+ Kf8 26. R@c8+ Ke7 27. N@f5+ Kf6 28. Q@e7+ 
Kxf5 29. Bxg4+ Kg6 30. P@h5+ Kh6 31. Nxf7# 
{spurs checkmated} 1-0

[Event "fics rated crazyhouse match"]
[Site "fics, Oklahoma City, OK USA"]
[Date "2000.12.02"]
[White "LINDEGREN"]
[WhiteElo "2387"]
[Black "Fudpucker"]
[BlackElo "2232"]
[TimeControl "60+0"]
[Result "0-1"]

1. e4 e6 2. Nc3 Nc6 3. d4 Nf6 4. a3 Be7 5. Nf3 d6 6. Bb5 
O-O 7. Bxc6 bxc6 8. O-O B@g4 9. N@e3 Bxf3 10. Qxf3 e5 11. dxe5 dxe5 
12. Nf5 Bxf5 13. exf5 N@e4 14. Nxe4 Nxe4 15. Qxe4 Bg5 16. B@e3 P@f4 17. Qxe5 
fxe3 18. Bxe3 B@d6 19. Qc3 N@e2+ 20. Kh1 Nxc3 21. bxc3 Bxe3 22. fxe3 Bxh2 
23. N@h5 N@g3+ 24. Nxg3 Bxg3 25. N@g4 Qh4+ 26. P@h3 Qxg4 27. B@g1 P@f2 28. B@h2 
fxg1=Q+ 29. Kxg1 Bxh2+ 30. Kh1 N@g3+ 31. Kxh2 Nxf1+ 32. Kg1 B@h2+ 33. Kf2 B@g3+ 
34. Kxf1 Q@e2# 
{LINDEGREN checkmated} 0-1

[Event "fics rated crazyhouse match"]
[Site "fics, Oklahoma City, OK USA"]
[Date "2000.12.02"]
[White "Fudpucker"]
[WhiteElo "2243"]
[Black "LINDEGREN"]
[BlackElo "2376"]
[TimeControl "60+0"]
[Result "0-1"]

1. e4 Nf6 2. Nc3 Nc6 3. d4 d5 4. exd5 Nxd5 5. Nf3 e6 6. Nxd5 
Bb4+ 7. Nxb4 Nxb4 8. Bd3 Nxd3+ 9. cxd3 B@h5 10. N@f4 Bxf3 11. gxf3 N@f5 
12. B@c3 P@g5 13. Nh3 N@g2+ 14. Kf1 Ngh4 15. Bxg5 f6 16. Bxh4 Nxh4 17. P@g2 
O-O 18. Qe2 B@d5 19. B@g3 Bxf3 20. Qxf3 Nxf3 21. gxf3 P@c2 22. Re1 Bd7 
23. N@h5 Bc6 24. B@g2 Q@h6 25. N5f4 Bd5 26. P@c4 Bc6 27. Nxe6 Qd7 28. N@g4 
c1=Q 29. Nxh6+ Qxh6 30. Nhf4 Rae8 31. N@g4 Qg5 32. Nxg5 fxg5 33. P@f6 Rxe1+ 
34. Bxe1 R@d1 35. R@h8+ Kxh8 36. fxg7+ Qxg7 
{Fudpucker forfeits on time} 0-1

[Event "fics rated crazyhouse match"]
[Site "fics, Oklahoma City, OK USA"]
[Date "2000.12.02"]
[White "LINDEGREN"]
[WhiteElo "2381"]
[Black "Fudpucker"]
[BlackElo "2238"]
[TimeControl "60+0"]
[Result "1-0"]

1. e4 e6 2. Nc3 Nc6 3. d4 Nf6 4. a3 d6 5. Nf3 Be7 6. Bb5 
O-O 7. O-O Bd7 8. d5 Ne5 9. Bxd7 Qxd7 10. Nxe5 dxe5 11. B@h6 gxh6 
12. Bxh6 N@g4 13. Bxf8 Bxf8 14. P@g5 Nxf2 15. Rxf2 B@d4 16. gxf6 Bxf2+ 17. Kxf2 
exd5 18. Nxd5 B@h6 19. N@f5 Qxd5 20. N@e7+ Bxe7 21. Nxe7+ Kh8 22. P@g7+ Bxg7 
23. fxg7+ Kxg7 24. N@f5+ Kf8 25. R@g8# 
{Fudpucker checkmated} 1-0

[Event "fics rated crazyhouse match"]
[Site "fics, Oklahoma City, OK USA"]
[Date "2000.12.02"]
[White "Fudpucker"]
[WhiteElo "2233"]
[Black "LINDEGREN"]
[BlackElo "2386"]
[TimeControl "60+0"]
[Result "0-1"]

1. e4 Nf6 2. Nc3 Nc6 3. d4 d5 4. exd5 Nxd5 5. Nf3 e6 6. Nxd5 
exd5 7. Bb5 Bb4+ 8. P@c3 Qe7+ 9. N@e5 P@f6 10. O-O fxe5 11. Nxe5 O-O 
12. Bxc6 Bd6 13. P@h6 gxh6 14. Bxh6 N@f5 15. N@g4 P@g7 16. Bxg7 bxc6 17. P@f6 
Qd8 18. Nxc6 Qd7 19. Nce5 Bxe5 20. dxe5 B@f4 21. Bxf8 Ba6 22. P@g7 N@g6 
23. R@h8+ Nxh8 24. gxh8=Q+ Kxh8 25. P@g7+ Kg8 26. B@d3 Bxd3 27. N@e7+ Nxe7 28. Bxe7 
B@g5 
{Fudpucker forfeits on time} 0-1

[Event "fics rated crazyhouse match"]
[Site "fics, Oklahoma City, OK USA"]
[Date "2000.12.02"]
[White "LINDEGREN"]
[WhiteElo "2391"]
[Black "Fudpucker"]
[BlackElo "2228"]
[TimeControl "60+0"]
[Result "1-0"]

1. e4 e6 2. Nc3 Nc6 3. d4 Nf6 4. a3 d6 5. Nf3 Be7 6. Bd3 
O-O 7. O-O Ng4 8. h3 Nxf2 9. Rxf2 f5 10. d5 Ne5 11. Nxe5 dxe5 
12. dxe6 Bxe6 13. exf5 P@g3 14. Rf1 Bd5 15. P@g6 P@f2+ 16. Kh1 Bxg2+ 17. Kxg2 
hxg6 18. fxg6 N@h4+ 19. Kxg3 P@f4+ 20. Kxf2 Qd4+ 21. P@e3 fxe3+ 22. Kg3 P@f4+ 
23. Kg4 P@f5+ 24. Kh5 Nxg6 25. B@e6# 
{Fudpucker forfeits on time} 1-0

[Event "fics rated crazyhouse match"]
[Site "fics, Oklahoma City, OK USA"]
[Date "2000.12.02"]
[White "jiggaman"]
[WhiteElo "2220"]
[Black "JKiller"]
[BlackElo "2402"]
[TimeControl "180+0"]
[Result "0-1"]

1. e4 e5 2. Bc4 Nf6 3. Nf3 Nc6 4. Nc3 Bc5 5. d3 O-O 6. O-O 
d6 7. Bg5 Be6 8. Nd5 Bxd5 9. exd5 Nd4 10. Nxd4 Bxd4 11. N@h5 N@e8 
12. Nxf6+ Nxf6 13. B@h4 N@e8 14. N@e4 N@d7 15. c3 Bb6 16. Bxf6 Nexf6 17. N@h5 
B@e7 18. Nhxf6+ Nxf6 19. Nxf6+ Bxf6 20. Bxf6 Qxf6 21. N@e4 Qd8 22. B@h4 Qxh4 
23. N@f5 Qf4 24. Ne7+ Kh8 25. d4 Qxe4 26. dxe5 N@h3+ 27. Kh1 B@f3 28. P@f6 
Bxg2# 
{jiggaman checkmated} 0-1

[Event "fics rated crazyhouse match"]
[Site "fics, Oklahoma City, OK USA"]
[Date "2000.12.02"]
[White "JKiller"]
[WhiteElo "2406"]
[Black "jiggaman"]
[BlackElo "2216"]
[TimeControl "180+0"]
[Result "1-0"]

1. e4 Nf6 2. e5 Nd5 3. d4 e6 4. Nf3 d6 5. Be2 Nc6 6. c4 
Nb6 7. exd6 cxd6 8. Nc3 P@f6 9. O-O Bd7 10. Re1 Be7 11. Bd3 f5 
12. a3 a6 13. d5 exd5 14. cxd5 Ne5 15. Nxe5 dxe5 16. Rxe5 N@g4 17. Rxf5 
Bxf5 18. Bxf5 Ne5 19. Bf4 P@f6 20. N@h5 Rg8 21. Bxh7 R@d3 22. Bxg8 Rxd1+ 
23. Rxd1 Qd7 24. Bxe5 fxe5 25. Bxf7+ Kd8 26. P@e6 Qa4 27. Nxa4 B@b5 28. Nxb6 
Q@e2 29. P@c7+ Kxc7 30. Nxa8+ Kd6 31. Q@c7# 
{jiggaman checkmated} 1-0

[Event "fics rated crazyhouse match"]
[Site "fics, Oklahoma City, OK USA"]
[Date "2000.12.02"]
[White "jiggaman"]
[WhiteElo "2212"]
[Black "JKiller"]
[BlackElo "2410"]
[TimeControl "180+0"]
[Result "0-1"]

1. d4 Nf6 2. Bf4 e6 3. Nf3 Nc6 4. e3 b6 5. Nbd2 Bb7 6. Bd3 
Be7 7. Ne5 Nxe5 8. dxe5 Nd5 9. Rg1 Nxf4 10. exf4 B@g6 11. N@f3 N@d5 
12. Bxg6 hxg6 13. B@g3 B@c5 14. Ne4 Bxf2+ 15. Nxf2 P@e3 16. Ne4 Nxf4 17. N@d6+ 
cxd6 18. Nxd6+ Bxd6 19. exd6 P@f2+ 20. Bxf2 exf2+ 21. Kxf2 N@g4+ 22. Kg3 Ne3 
23. Kxf4 Nxd1 24. P@e7 Q@e4+ 25. Kg5 Rh5# 
{jiggaman checkmated} 0-1

[Event "fics rated crazyhouse match"]
[Site "fics, Oklahoma City, OK USA"]
[Date "2000.12.02"]
[White "JKiller"]
[WhiteElo "2414"]
[Black "VABORIS"]
[BlackElo "2258"]
[TimeControl "60+0"]
[Result "0-1"]

1. e4 e6 2. d4 Nc6 3. Nc3 Bb4 4. a3 Bxc3+ 5. bxc3 Nf6 6. e5 
Nd5 7. c4 Nc3 8. Qd3 N@e4 9. Nf3 d6 10. B@h4 Qd7 11. exd6 cxd6 
12. P@b2 d5 13. bxc3 Nxf2 14. N@h5 Nxd3+ 15. Bxd3 P@f2+ 16. Kd1 P@e2+ 17. Kxe2 
f6 18. P@h6 Q@g4 19. hxg7 Qdxg7 20. Nxg7+ Qxg7 21. N@h5 Qf7 22. Nxf6+ Qxf6 
23. Bxf6 Rf8 24. P@g7 Rxf6 25. g8=Q+ N@f8 26. Bg6+ hxg6 27. P@g7 P@d3+ 28. cxd3 
B@d1+ 29. Kxf2 N@g4+ 30. Ke1 
{JKiller forfeits on time} 0-1

[Event "fics rated crazyhouse match"]
[Site "fics, Oklahoma City, OK USA"]
[Date "2000.12.02"]
[White "VABORIS"]
[WhiteElo "2269"]
[Black "JKiller"]
[BlackElo "2403"]
[TimeControl "120+0"]
[Result "0-1"]

1. e4 e6 2. d4 Nc6 3. Be3 Nf6 4. Bd3 d6 5. Nc3 Be7 6. Nf3 
O-O 7. e5 Ng4 8. Bxh7+ Kxh7 9. Ng5+ Bxg5 10. Qxg4 Bxe3 11. fxe3 N@h6 
12. B@d3+ B@f5 13. Bxf5+ exf5 14. Qe2 dxe5 15. d5 Nd4 16. exd4 exd4 17. P@e7 
B@h4+ 18. B@g3 Bxe7 19. d6 cxd6 20. Nd5 B@g5 21. Nxe7 Qxe7 22. N@d5 Qxe2+ 
23. Kxe2 P@e4 24. Kf1 P@f3 
{VABORIS resigns} 0-1

[Event "fics rated crazyhouse match"]
[Site "fics, Oklahoma City, OK USA"]
[Date "2000.12.02"]
[White "Burgsvik"]
[WhiteElo "2201"]
[Black "JKiller"]
[BlackElo "2408"]
[TimeControl "180+0"]
[Result "1-0"]

1. e3 e5 2. d4 exd4 3. exd4 Bb4+ 4. c3 Qe7+ 5. Be2 Nc6 6. cxb4 
P@c2 7. Qxc2 Nxd4 8. Qd2 Nxe2 9. Nxe2 B@e4 10. B@h3 P@d3 11. P@d6 cxd6 
12. N@c7+ Kf8 13. Nxa8 dxe2 14. R@e3 N@c2+ 15. Kxe2 Nxe3 16. Qxe3 P@d3+ 17. Kf1 
Bxg2+ 18. Kxg2 Qxe3 19. Bxe3 P@f3+ 20. Kg3 Q@e4 21. B@g5 R@e8 22. N@f5 h6 
23. P@e7+ Nxe7 24. Bxe7+ Rxe7 25. Q@d8+ B@e8 26. P@f4 
{JKiller forfeits on time} 1-0

[Event "fics rated crazyhouse match"]
[Site "fics, Oklahoma City, OK USA"]
[Date "2000.12.02"]
[White "JKiller"]
[WhiteElo "2396"]
[Black "Burgsvik"]
[BlackElo "2213"]
[TimeControl "180+0"]
[Result "1-0"]

1. e4 e6 2. d4 b6 3. Nc3 Bb7 4. Nf3 Bb4 5. Bd3 Nf6 6. Bg5 
h6 7. Bh4 g5 8. Nxg5 hxg5 9. Bxg5 N@h7 10. Bh4 Rg8 11. P@e5 Bxc3+ 
12. bxc3 Rxg2 13. exf6 Nxf6 14. Qf3 Rg6 15. P@e5 N@g2+ 16. Kd1 Nxh4 17. exf6 
Nxf3 18. B@e3 P@b2 19. Rb1 Qxf6 20. e5 Nxe5 21. dxe5 B@f3+ 22. N@e2 Bxe2+ 
23. Bxe2 Qxe5 24. B@d4 Bxh1 25. Bxe5 R@d5+ 26. B3d4 Q@g1+ 27. N@e1 N@e4 28. N@d3 
Nxf2+ 29. Bxf2 Rxd3+ 30. cxd3 Qxf2 31. N@f6+ Kf8 32. Q@h8+ B@g8 33. R@e8# 
{Burgsvik checkmated} 1-0